 Dungeon Crawl Stone Soup version 0.31-a0-1025-g2e47921a08 (webtiles) character file.

Game seed: 9198818206251384183

246 Monkfish the Cutter (level 6, -4/38 HPs)
             Began as a Kobold Monk on Nov 18, 2023.
             Killed by divine providence
             ... invoked by an orc priest
              (11 damage)
             ... on level 4 of the Dungeon.
             The game lasted 00:04:37 (2984 turns).

Monkfish the Cutter (Kobold Monk)                   Turns: 2984, Time: 00:04:37

Health: -4/38      AC:  4    Str:  9    XL:     6   Next: 33%
Magic:  6/6        EV: 16    Int: 11    God:
Gold:   150        SH:  0    Dex: 19    Spells: 5/5 levels left

rFire   . . .        k - +1 rapier (venom)
rCold   . . .        (no shield)
rNeg    . . .        r - +0 leather armour
rPois   .            w - +0 helmet
rElec   .            (no cloak)
rCorr   .            (no gloves)
SInv    .            (no boots)
Will    .....        (no amulet)
Stlth   ++++         (no ring)
HPRegen 0.26/turn    (no ring)
MPRegen 0.10/turn

%: no passive effects
@: no status effects
A: small, no large weapons, nightstalker 3
a: no special abilities


You were on level 4 of the Dungeon.
You visited 1 branch of the dungeon, and saw 4 of its levels.

You collected 150 gold pieces.

Inventory:

Hand Weapons
 k - a +1 rapier of venom (weapon)
Missiles
 q - a throwing net
Armour
 d - an orb of light
 r - a +0 leather armour (worn)
 w - a +0 helmet (worn)
Jewellery
 h - a ring of wizardry
 m - a ring of see invisible
 o - a ring of resist corrosion
 p - a ring of positive energy
Wands
 l - a wand of iceblast (4)
Scrolls
 a - a scroll of fog {unknown}
 e - 2 scrolls of poison
 u - a scroll of enchant armour {unknown}
Potions
 b - a potion of might {unknown}
 c - a potion of ambrosia
 f - 2 potions of curing
 g - a potion of lignification
 i - a potion of invisibility
 j - 2 potions of attraction
 n - a potion of enlightenment {unknown}
 t - a potion of mutation {unknown}
 v - a potion of magic


   Skills:
 + Level 3.8 Fighting
 * Level 6.2 Short Blades
 + Level 0.2 Armour
 + Level 4.2 Dodging
 * Level 5.2 Stealth


You had 5 spell levels left.
You didn't know any spells.
Your spell library was empty.

Dungeon Overview and Level Annotations

Branches:
Dungeon (4/15)
 Temple: D:4-7

Altars:


Innate Abilities, Weirdness & Mutations

You are small and have problems with some larger weapons.
You are completely attuned to the shadows.


Message History

The hound barely misses you. The hound closely misses you.
You kill the hound!
You start resting.
HP restored.
You see here a hound corpse.
An iguana comes into view.
An orc priest comes into view. It is wielding a +0 short sword.
You see here an adder corpse.
You closely miss the orc priest.
The orc priest shouts!
The iguana hisses angrily.
You hear a shout! x3
The orc priest closely misses you.
An orc comes into view. It is wielding a +0 short sword.
The orc priest mumbles some strange prayers to Beogh against you.
Pain shoots through your body!
You see here an adder corpse.
The orc priest attacks as it pursues you!
The orc priest completely misses you.
The orc priest attacks as it pursues you!
The orc priest barely misses you.
You see here a hound corpse.
The orc priest attacks as it pursues you!
The orc priest completely misses you.
You completely miss the orc priest.
The orc priest mumbles some strange prayers to Beogh against you.
Beogh smites you!
The orc priest looks encouraged for a moment.
You closely miss the orc priest.
The orc priest hits you with a +0 short sword.
You barely miss the orc priest.
The orc priest hits you with a +0 short sword.
Unknown command.
The orc priest invokes the aid of Beogh against you.
Pain shoots through your body!
The orc priest calls down the wrath of Beogh upon you.
Beogh smites you!
* * * LOW HITPOINT WARNING * * *
The orc priest looks satisfied for a moment.
The orc priest calls down the wrath of Beogh upon you.
Beogh smites you!
You die...

#.#..........#### .
#...............# .#
#...............#
.####...............#
.##.................#
.....##.............#
..######............#
.## ##.........## ##
##.#...@>## #
#.o###### ##.## ##.##
#lo# ##o## ##†##
##.## #oo##


You could see an orc priest.

Vanquished Creatures
  A hound (D:4)
  Jessica (D:2)
  An orc wizard (D:4)
  4 gnolls
  5 adders
  A worm (D:3)
  5 dart slugs
  4 orcs (D:3)
  6 ball pythons
  3 endoplasms
  5 giant cockroaches
  9 goblins
  5 hobgoblins
  3 jackals (D:2)
  3 kobolds
  2 quokkas
  2 bats
  4 frilled lizards
  7 rats
71 creatures vanquished.

Notes
Turn   | Place    | Note
-------+----------+-------------------------------------------
     0 | D:1      | Monkfish the Kobold Monk began the quest for the Orb.
     0 | D:1      | Reached XP level 1. HP: 14/14 MP: 1/1
   140 | D:1      | Reached XP level 2. HP: 19/19 MP: 2/2
   323 | D:1      | Reached skill level 1 in Stealth
   323 | D:1      | Reached XP level 3. HP: 9/23 MP: 3/3
  1423 | D:2      | Reached skill level 5 in Short Blades
  1499 | D:2      | Reached XP level 4. HP: 28/28 MP: 4/4
  1798 | D:2      | Noticed Jessica
  1813 | D:2      | Killed Jessica
  1814 | D:2      | Reached XP level 5. HP: 33/33 MP: 5/5
  2294 | D:3      | Reached skill level 6 in Short Blades
  2771 | D:4      | Identified a scroll of acquirement
  2771 | D:4      | Acquired a +1 rapier of venom
  2882 | D:4      | Reached XP level 6. HP: 31/38 MP: 6/6
  2889 | D:4      | Reached skill level 5 in Stealth
  2984 | D:4      | Killed from afar by an orc priest

Illustrated notes

Levels and vault maps discovered:
D:1:      minmay_arrival_stair_chambers, layout_basic
D:2:      layout_rooms, minmay_3d_cube, uniq_jessica
D:3:      layout_rooms, minmay_distorted
D:4:      layout_cave_pods

Skill      XL: |  1  2  3  4  5  6 |
---------------+-------------------+-----
Stealth        | 1 2 3 4 5 |  5.2
Dodging        | 4 |  4.2
Short Blades   | 5 6 |  6.2
Fighting       | |  3.8
Armour         | |  0.2

Action                     |  1- 3 |  4- 6 || total
---------------------------+-------+-------++-------
  Melee: Short sword       |    87 |    94 ||   181
         Punch             |     1 |     2 ||     3
         Rapier            |       |    11 ||    11
  Evoke: Wand              |       |     1 ||     1
    Use: Scroll            |     3 |     7 ||    10
   Stab: Sleeping          |    10 |    22 ||    32
         Distracted        |     2 |     1 ||     3
 Armour: Robe              |    35 |     4 ||    39
         Leather armour    |       |    24 ||    24
  Dodge: Dodged            |    76 |    67 ||   143

Table legend: (Time is in decaauts)
 A = Elapsed time spent in this place.
 B = Non-inter-level travel time spent in this place.
 C = Inter-level travel time spent in this place.
 D = Time resting spent in this place.
 E = Time spent auto-exploring this place.
 F = Levels seen in this place.
 G = Mean time per level.
                   A        B        C        D        E       F      G
               +--------+--------+--------+--------+--------+-----+--------+
         Total |   2936 |   2790 |    146 |    246 |   1966 |   4 |  734.0 |
       Dungeon |   2936 |   2790 |    146 |    246 |   1966 |   4 |  734.0 |
               +--------+--------+--------+--------+--------+-----+--------+

Top non-repeatable levels by time:
     D:1: 1351 daAuts
     D:2: 694 daAuts
     D:3: 597 daAuts
     D:4: 292 daAuts
